 Dungeon Crawl Stone Soup version 0.32-a0-931-g5a2cda0630 (webtiles) character file.

Game seed: 3134284535187698356

13208 flt the Fighter (level 12, -4/92 (97) HPs)
             Began as a Coglin Chaos Knight on Apr 12, 2024.
             Was a Priest of Beogh.
             Slain by a spectral black mamba (10 damage)
             ... in a Gauntlet on Apr 13, 2024.
             The game lasted 00:28:45 (11158 turns).

flt the Fighter (Coglin Chaos Knight)              Turns: 11158, Time: 00:28:45

HP:   -4/92 (97)    AC: 20    Str: 17    XL:     12   Next: 3%
MP:   7/17          EV: 10    Int: 12    God:    Beogh [***...]
Gold: 539           SH:  0    Dex: 14    Spells: 11/11 levels left

rFire   . . .        F - +3 long sword (freeze) {Ajinder}
rCold   + . .        G - +5 long sword {Nefertari}
rNeg    . . .        B - +7 Kryia's mail coat {PotionHeal*2 rC+}
rPois   .            (no helmet)
rElec   .            M - +0 cloak
rCorr   .            (no gloves)
SInv    .            m - +0 pair of boots
Will    .....        (amulet unavailable) Stlth
                     (ring unavailable)
HPRegen 0.35/turn    (ring unavailable)
MPRegen 0.15/turn    (no gizmo)

%: no teleportation, random rage (3%)
@: slowed, drained, revving, very slow
A: off-hand wielding, slow wielding, warmup strikes, no jewellery, fangs 1,
iridescent scales 1, berserk 1, screaming 1, no potion heal 1
a: Invent Gizmo, Renounce Religion, Smiting, Recall Apostles, Dismiss Olfrun,
warrior


You were in a Gauntlet.
You worshipped Beogh.
Beogh was most pleased with you.
You visited 2 branches of the dungeon, and saw 11 of its levels.
You also visited: Sewer and Gauntlet.

You collected 539 gold pieces.

Inventory:

Hand Weapons
 a - a +0 falchion of chaos {Seojun}
 d - a +0 dagger {Paramjit}
 e - a +6 short sword {Hideko}
 k - a +5 whip {Qiuyue}
 z - a +4 flail of freezing {Zihan}
 F - a +3 long sword of freezing (weapon) {Ajinder}
 G - a +5 long sword (offhand) {Nefertari}
Missiles
 C - 2 curare-tipped darts (quivered)
 D - 9 poisoned darts
 E - 12 boomerangs
 K - 2 throwing nets
Armour
 b - a +3 leather armour
 m - a +0 pair of boots (worn)
 B - the +7 Kryia's mail coat (worn) {PotionHeal*2 rC+}
   (You found it on level 6 of the Dungeon)

   PotionHeal*2: Potions heal its wearer twice as much.
   rC+:       It protects you from cold.
 M - a +0 cloak (worn)
Wands
 o - a wand of flame (23)
 r - a wand of light (11)
 L - a wand of roots (4)
 N - a wand of digging (6)
Scrolls
 c - 2 scrolls of blinking
 t - 6 scrolls of teleportation
 u - 3 scrolls of enchant armour
 w - 2 scrolls of vulnerability
 y - a scroll of fear
Potions
 g - a potion of degeneration
 h - a potion of haste
 i - a potion of curing
 j - 2 potions of lignification
 l - 3 potions of enlightenment
 n - 2 potions of resistance
 p - a potion of ambrosia
 q - 5 potions of attraction
 s - 4 potions of might
 v - a potion of brilliance {unknown}
 x - a potion of berserk rage {unknown}
 A - a potion of experience {unknown}


   Skills:
 + Level 10.3 Fighting
 + Level 9.5 Long Blades
 + Level 9.2 Armour
 - Level 3.8 Dodging
 + Level 7.3 Invocations


You had 11 spell levels left.
You didn't know any spells.
Your spell library contained the following spells:

 Spells                   Type           Power      Damage    Failure   Level
 Sandblast                Erth           0%         2d4       67%         1
 Mercury Vapours          Alch/Air       0%         N/A       80%         2
 Inner Flame              Hex/Fire       0%         N/A       95%         3
 Mephitic Cloud           Conj/Alch/Air  0%         N/A       95%         3
 Stone Arrow              Conj/Erth      0%         3d7       95%         3
 Summon Ice Beast         Ice/Summ       0%         N/A       95%         3
 Volatile Blastmotes      Fire/Tloc      0%         2d10      95%         3
 Brom's Barrelling Bould  Conj/Erth      0%         2d3       100%        4
 Flame Wave               Conj/Fire      0%         2d4       100%        4
 Fulminant Prism          Conj/Alch      0%         3d5       100%        4
 Iskenderun's Mystic Bla Conj/Tloc 0%             2d3        (+2d1     100%        4
 Sticky Flame             Fire/Alch      0%         2d4       100%        4
 Freezing Cloud           Conj/Ice/Air   0%         6-21      100%        5
 Summon Forest            Summ/Tloc      0%         N/A       100%        5
 Summon Mana Viper        Hex/Summ       0%         N/A       100%        5
 Eringya's Noxious Bog    Alch           0%         4d6       100%        6
 Sculpt Simulacrum        Ice/Alch       0%         N/A       100%        6
 Monstrous Menagerie      Summ           0%         N/A       100%        7
 Ozocubu's Refrigeration  Ice            0%         4d7       100%        7
 Summon Hydra             Summ           0%         N/A       100%        7
 Polar Vortex             Ice            0%         N/A       100%        9


Dungeon Overview and Level Annotations

Branches:
Dungeon (10/15)            Temple (0/1) D:6            Lair (1/5) D:9
    Orc (0/2) D:10          Sewer (visited)         Gauntlet (1/1)

Altars:
Ashenzari
Cheibriados
Dithmenos
Elyvilon
Fedhas
Kikubaaqudgha
Makhleb
Nemelex Xobeh
Okawaru
Ru
Sif Muna

Shops:
D:1 =   D:9 =

Annotations:
Gauntlet 7 transporters, 21 runed translucent doors


Innate Abilities, Weirdness & Mutations

Your facial features are unmistakably orcish.
You can wield a second weapon in your off-hand.
It takes a long time for you to wield or remove held weapons.
Your first few attacks do less damage.
You cannot equip rings or amulets.
You have very sharp teeth.
You are partially covered in iridescent scales. (AC +2)
You sometimes lose your temper in combat.
You occasionally shout uncontrollably at your foes.
Potions are less effective at restoring your health.


Message History

The spectral catoblepas closely misses you.
Olfrun hits the death scarab but does no damage.
The death scarab bites Olfrun.
The death scarab draws strength from Olfrun's injuries!
The death scarab closely misses you.
Aiming: Smiting
Press: ? - help, Dir - move target, f/p - death scarab Smite: a death scarab (heavily damaged, not watching you, ally target)
You smite the death scarab!!
You destroy the death scarab!
Beogh accepts your kill. The death scarab bites you!!
The death scarab draws strength from your injuries!
The spectral catoblepas gores you but does no damage.
The spectral black mamba bites you.
* * * LOW HITPOINT WARNING * * *
You feel drained.
* * * LOW HITPOINT WARNING * * *
The spectral catoblepas gores you but does no damage.
You have reached level 12!
You feel stronger.
You feel better.
Olfrun is no longer moving slowly.
The death scarab closely misses you.
The spectral black mamba bites you but does no damage. x3
The spectral catoblepas gores you!
* * * LOW HITPOINT WARNING * * *
You feel drained.
* * * LOW HITPOINT WARNING * * *
You completely miss the spectral catoblepas with your +5 long sword.
The spectral catoblepas is heavily damaged.
You hit the spectral catoblepas with your +3 long sword of freezing.
You freeze the spectral catoblepas. The death scarab bites you!!
* * * LOW HITPOINT WARNING * * *
The death scarab drains your vigour!
You feel as though you will be slow longer.
The death scarab draws strength from your injuries!
The spectral black mamba bites you!
You die...
Xom is highly amused!

##.©.#§.............≈.........
.....#∩...........§§ß≈........
##.©.#≈............§§§........
##...#..###########...########
.....#..#[#..#....#...#.......
##.ß.#..#/.#..#...#...#...###.
##...#..##..#..#..#####)...#..
...ß.#..#.#..#Z.#.#...#.#..#©.
##...#..#©.#B@#©.##©.©#©.#####
#≈ß≈#..#.#..#Zo#.#...#.#..#..
#####..##..#.†#..#####....#..
#..#?.#..#...#...#...###.
###..#.#..#....#.ß.#.......
#ß#..###########...########
###........................
#≈.......................
#########################


You could see a spectral black mamba, a spectral catoblepas, a death scarab
(ally target) and the friendly Olfrun the orc apostle (drained).

Vanquished Creatures
  A two-headed ogre (D:9)
  A death scarab (Gauntlet)
  Maurice (D:10)
  An unseen horror (D:10)
  A komodo dragon (Lair:1)
  Psyche (D:10)
  A troll (D:10)
  A hornet (D:10)
  Prince Ribbit (D:7)
  Sigmund (D:6)
  3 wyverns
  A wraith (D:10)
  A neqoxec (Gauntlet)
  23 yaks
  4 vampire mosquitoes (D:7)
  Edmund (D:6)
  A chaos spawn (Gauntlet)
  An acid dragon (D:10)
  Duvessa (D:6)
  2 water moccasins
  4 orc warriors
  3 ice beasts
  2 black bears
  4 sky beasts
  4 ogres
  4 centaurs
  3 kobold brigands
  2 phantoms
  2 gnoll sergeants
  4 bullfrogs
  2 scorpions (D:6)
  11 wights
  Dowan (D:6)
  6 killer bees (D:9)
  3 howler monkeys
  A bombardier beetle (D:5)
  4 jellies (D:7)
  3 hounds
  5 orc priests
  2 gnoll boudas
  An iron imp (D:7)
  3 sleepcaps
  3 iguanas
  Natasha (thrice) (D:2)
  7 orc wizards
  12 gnolls
  A river rat (Sewer)
  11 adders
  2 shadow imps (D:6)
  2 white imps
  2 ufetubi (D:7)
  A dart slug (D:3)
  2 ribbon worms
  18 orcs
  16 ball pythons
  5 endoplasms
  6 giant cockroaches
  6 goblins
  3 hobgoblins
  11 jackals
  12 kobolds
  5 quokkas
  3 bats
  5 frilled lizards
  29 rats
287 creatures vanquished.

Vanquished Creatures (collateral kills)
  2 yaks (Lair:1)
2 creatures vanquished.

Vanquished Creatures (others)
  A human (D:3)
  2 orc wizards
  A river rat (D:5)
  5 orcs
  A kobold (D:6)
  A quokka (D:5)
11 creatures vanquished.

Grand Total: 300 creatures vanquished

Notes
Turn   | Place    | Note
-------+----------+-------------------------------------------
     0 | D:1      | flt the Coglin Chaos Knight began the quest for the Orb.
     0 | D:1      | Reached XP level 1. HP: 18/18 MP: 1/1
    86 | D:1      | XOM is BORED!
    86 | D:1      | XOM: silly message
   126 | D:1      | Reached skill level 1 in Dodging
   207 | D:1      | XOM: silly message
   212 | D:1      | Reached XP level 2. HP: 22/24 MP: 2/2
   380 | D:1      | XOM: 1-stop teleportation journey
   414 | D:1      | You fall into a shaft and drop 1 floor!
   519 | D:1      | XOM: cloud trail
   554 | D:1      | Found Yvadyrec's Jewellery Emporium.
   840 | D:2      | Noticed Natasha
   843 | D:2      | Reached XP level 3. HP: 26/29 MP: 3/3
   848 | D:2      | Killed Natasha
   994 | D:2      | Found a faded altar of an unknown god.
  1017 | D:2      | XOM: give mutation
  1017 | D:2      | Gained mutation: You are dopey. (Int -2) [Xom's mischief]
  1062 | D:2      | Reached XP level 4. HP: 29/35 MP: 4/4
  1123 | D:2      | Noticed Natasha
  1128 | D:2      | Killed Natasha
  1156 | D:2      | Noticed Natasha
  1158 | D:2      | XOM: butterfly on damage
  1165 | D:2      | Killed Natasha
  1499 | D:3      | Reached XP level 5. HP: 42/42 MP: 5/5
  1630 | D:3      | Found an ancient bone altar of Kikubaaqudgha.
  1630 | D:3      | Noticed a human
  1634 | D:3      | Killed a human
  1696 | D:3      | Found a shimmering blue altar of Sif Muna.
  1697 | D:3      | Noticed an ogre
  1708 | D:3      | Killed an ogre
  1709 | D:3      | Reached skill level 4 in Fighting
  1886 | D:3      | Found a blossoming altar of Fedhas.
  1886 | D:3      | Found a sacrificial altar of Ru.
  1953 | D:3      | Reached XP level 6. HP: 48/48 MP: 6/6
  2049 | D:3      | XOM: give mutation
  2049 | D:3      | Lost mutation: You are dopey. (Int -2) [Xom's mischief]
  2499 | D:4      | XOM: give mutations
  2499 | D:4      | Gained mutation: You are partially covered in iridescent
                  | scales. (AC +2) [Xom's mischief]
  2499 | D:4      | Gained mutation: Armour fits poorly on your strangely
                  | shaped body. [Xom's mischief]
  2990 | D:5      | Entered Level 5 of the Dungeon
  3001 | D:5      | Fell from the grace of Xom
  3002 | D:5      | Became a worshipper of Beogh the Shepherd
  3081 | D:5      | Found an iron altar of Okawaru.
  3088 | D:5      | Noticed a black bear
  3089 | D:5      | Noticed an ice beast
  3092 | D:5      | Reached XP level 7. HP: 43/55 MP: 7/7
  3115 | D:5      | Reached skill level 5 in Fighting
  3115 | D:5      | Reached skill level 5 in Long Blades
  3273 | D:5      | Found a glowing drain.
  3277 | Sewer    | Entered a sewer
  3569 | Sewer    | Reached * piety under Beogh
  3668 | Sewer    | Reached XP level 8. HP: 24/62 MP: 8/8
  3957 | Sewer    | Reached skill level 1 in Invocations
  4260 | D:5      | XOM: scenery: 1 doors close
  4611 | D:6      | Reached skill level 5 in Armour
  4636 | D:6      | Noticed Edmund
  4644 | D:6      | Killed Edmund
  4645 | D:6      | Reached skill level 6 in Fighting
  4658 | D:6      | XOM: noise
  4801 | D:6      | Found the +7 Kryia's mail coat {PotionHeal*2 rC+}
  4884 | D:6      | Reached XP level 9. HP: 56/69 MP: 9/11
  4910 | D:6      | Reached ** piety under Beogh
  5232 | D:6      | Found a staircase to the Ecumenical Temple.
  5243 | D:6      | Noticed Sigmund
  5246 | D:6      | Killed Sigmund
  5309 | D:6      | Noticed Duvessa
  5309 | D:6      | Noticed Dowan
  5326 | D:6      | Killed Duvessa
  5335 | D:6      | Killed Dowan
  5476 | D:6      | Reached skill level 7 in Fighting
  5482 | D:6      | XOM: draining
  6270 | D:7      | Reached XP level 10. HP: 69/79 MP: 13/13
  6535 | D:7      | Noticed Prince Ribbit
  6550 | D:7      | Killed Prince Ribbit
  6551 | D:7      | Reached skill level 8 in Fighting
  6640 | D:7      | XOM: noise
  6761 | D:7      | Found a white marble altar of Elyvilon.
  6836 | D:7      | Found a sparkling altar of Nemelex Xobeh.
  6887 | D:7      | Reached skill level 5 in Invocations
  7051 | D:7      | Found a burning altar of Makhleb.
  7585 | D:8      | Found a broken altar of Ashenzari.
  8012 | D:8      | XOM: scenery: 2 doors close
  8416 | D:8      | XOM: give mutations
  8416 | D:8      | Gained mutation: Your body sometimes deteriorates upon
                  | taking damage. [Xom's mischief]
  8416 | D:8      | Gained mutation: You are vulnerable to cold. (rC-) [Xom's
                  | mischief]
  8416 | D:8      | Gained mutation: You are somewhat resistant to further
                  | mutation. [Xom's mischief]
  8421 | D:8      | Lost mutation: You are partially covered in iridescent
                  | scales. (AC +2) [potion of mutation]
  8421 | D:8      | Lost mutation: You are somewhat resistant to further
                  | mutation. [potion of mutation]
  8421 | D:8      | Gained mutation: You have a pair of small antennae on your
                  | head. [potion of mutation]
  8422 | D:8      | Lost mutation: Armour fits poorly on your strangely shaped
                  | body. [potion of mutation]
  8422 | D:8      | Lost mutation: You have a pair of small antennae on your
                  | head. [potion of mutation]
  8422 | D:8      | Gained mutation: Your system is resistant to poisons.
                  | (rPois) [potion of mutation]
  8423 | D:8      | Lost mutation: Your system is resistant to poisons. (rPois)
                  | [potion of mutation]
  8423 | D:8      | Lost mutation: Your body sometimes deteriorates upon taking
                  | damage. [potion of mutation]
  8423 | D:8      | Gained mutation: You have very sharp teeth. [potion of
                  | mutation]
  8423 | D:8      | Gained mutation: You sometimes lose your temper in combat.
                  | [potion of mutation]
  8423 | D:8      | Gained mutation: You are strong-willed. (Will+) [potion of
                  | mutation]
  8453 | D:8      | XOM: summons 14 hostile demons
  8566 | D:8      | XOM: give mutations
  8566 | D:8      | Gained mutation: You occasionally shout uncontrollably at
                  | your foes. [Xom's mischief]
  8566 | D:8      | Gained mutation: Potions are less effective at restoring
                  | your health. [Xom's mischief]
  8566 | D:8      | Gained mutation: You are partially covered in iridescent
                  | scales. (AC +2) [Xom's mischief]
  8566 | D:8      | Lost mutation: You are vulnerable to cold. (rC-) [Xom's
                  | mischief]
  8780 | D:9      | Found Ymurytha's Jewellery Emporium.
  8781 | D:9      | Noticed a two-headed ogre
  8790 | D:9      | Killed a two-headed ogre
  8826 | D:8      | Reached skill level 9 in Fighting
  8829 | D:8      | Reached XP level 11. HP: 89/89 MP: 15/15
  9083 | D:9      | Found a shadowy altar of Dithmenos.
  9165 | D:9      | Found a snail-covered altar of Cheibriados.
  9513 | D:9      | Found a staircase to the Lair.
  9678 | D:10     | Entered Level 10 of the Dungeon
 10081 | D:10     | Noticed Maurice
 10094 | D:10     | Killed Maurice
 10339 | D:10     | Noticed a six-headed hydra
 10432 | D:10     | Noticed Psyche
 10448 | D:10     | Killed Psyche
 10450 | D:10     | Reached *** piety under Beogh
 10451 | D:10     | Reached skill level 10 in Fighting
 10472 | D:10     | Noticed Olfrun
 10481 | D:10     | Anointed Olfrun the warrior as your apostle
 10543 | D:10     | Found a staircase to the Orcish Mines.
 10603 | D:9      | XOM: noise
 10673 | Lair:1   | Entered Level 1 of the Lair of Beasts
 10676 | Lair:1   | XOM: 2-stop teleportation journey
 10727 | Lair:1   | Found a gate leading to a gauntlet.
 10737 | Gauntlet | Entered a Gauntlet
 10737 | Gauntlet | Noticed a tengu warrior
 10737 | Gauntlet | Noticed a catoblepas
 10737 | Gauntlet | Found a transporter.
 10737 | Gauntlet | Found a transporter.
 10737 | Gauntlet | Found a transporter.
 10738 | Gauntlet | Found a transporter.
 10741 | Gauntlet | Found a transporter.
 10743 | Gauntlet | Found a transporter.
 10865 | Gauntlet | Found a transporter.
 10869 | Gauntlet | Found a transporter.
 10871 | Gauntlet | Found a large runed translucent door.
 10871 | Gauntlet | Noticed a spectral catoblepas
 10872 | Gauntlet | Found a large runed translucent door.
 10872 | Gauntlet | Noticed a death scarab
 10873 | Gauntlet | Found a large runed translucent door.
 10873 | Gauntlet | Found a large runed translucent door.
 10873 | Gauntlet | Found a runed translucent door.
 10874 | Gauntlet | Found a large runed translucent door.
 10874 | Gauntlet | Noticed a death scarab
 10875 | Gauntlet | Found a large runed translucent door.
 10876 | Gauntlet | Found a large runed translucent door.
 10876 | Gauntlet | Found a large runed translucent door.
 10877 | Gauntlet | Found a runed translucent gate.
 10883 | Gauntlet | Found a transporter.
 10979 | Gauntlet | Found a transporter.
 10983 | Gauntlet | Found a transporter.
 10985 | Gauntlet | Found a large runed translucent door.
 10986 | Gauntlet | Found a large runed translucent door.
 10987 | Gauntlet | Found a large runed translucent door.
 10987 | Gauntlet | Found a large runed translucent door.
 10987 | Gauntlet | Found a runed translucent door.
 10988 | Gauntlet | Found a large runed translucent door.
 10989 | Gauntlet | Found a large runed translucent door.
 10990 | Gauntlet | Found a large runed translucent door.
 10990 | Gauntlet | Found a large runed translucent door.
 10991 | Gauntlet | Found a runed translucent gate.
 10991 | Gauntlet | Found a runed translucent gate.
 10993 | Gauntlet | Found a transporter.
 11001 | Gauntlet | Upgraded the game from 0.32-a0-921-g04a7ad8e02 to
                  | 0.32-a0-931-g5a2cda0630
 11109 | Gauntlet | Gained mutation: You are dopey. (Int -2) [a neqoxec]
 11129 | Gauntlet | Lost mutation: You are dopey. (Int -2) [potion of mutation]
 11129 | Gauntlet | Lost mutation: You are partially covered in iridescent
                  | scales. (AC +2) [potion of mutation]
 11129 | Gauntlet | Lost mutation: You are strong-willed. (Will+) [potion of
                  | mutation]
 11129 | Gauntlet | Gained mutation: You are partially covered in iridescent
                  | scales. (AC +2) [potion of mutation]
 11156 | Gauntlet | Killed a death scarab
 11157 | Gauntlet | Reached XP level 12. HP: 25/95 MP: 6/17
 11158 | Gauntlet | Slain by a spectral black mamba

Illustrated notes

Levels and vault maps discovered:
D:1:      dpeg_arrival_simpleton_c, layout_loops_cross, serial_shops, shop
D:2:      layout_loops_ring, shapermc_ecumenical_altar_totnotflames,
          uniq_natasha
D:3:      layout_loops_ring, lemuel_tele_altar, tgw_kikubaaqudgha,
          gammafunk_temple_overflow_wave
D:4:      layout_loops_ring, hex_large
D:5:      layout_basic, mainiacjoe_overflow_24_doors, gup_sewer_entry_bowl
D:6:      minmay_skewed_foursquare, layout_cave_pools, temple_statues,
          serial_park, serial_park_tiny_pond, serial_park_square3
          [serial_park_minivault_5x5_8], uniq_edmund, uniq_sigmund, uniq_duvessa
D:7:      layout_rooms, demons_altar, kennysheep_mini,
          nemelex_dance_club_becter, serial_library_hellmonk_hallway_b,
          columned_hall_lemuel, uniq_prince_ribbit1
D:8:      layout_gridville, lemuel_round_altar
D:9:      layout_roguey, nicolae_dithmenos_shadow_blocks,
          mainiacjoe_overflow_catwalk, lair_entry_dummy, serial_shops, shop,
          eino_tiny_chamber, minmay_misc_feat_doors, grunt_decor_arrowhead
D:10:     layout_loops_cross, orc_0_dummy, kennysheep_opposing_triangles,
          uniq_psyche, uniq_maurice
Lair:1:   layout_cellular_growth, gauntlet_entry_generic,
          infiniplex_staircase_pool_2, serial_bayou_shore_b
Gauntlet: gammafunk_gauntlet_hard_choice [gammafunk_gauntlet_arena_hedges,
          gammafunk_gauntlet_arena_mazey, nicolae_gauntlet_arena_t_cross,
          nicolae_gauntlet_arena_grate_2, gammafunk_gauntlet_arena_arrow_garden,
          minmay_gauntlet_arena_make_your_own_arena, gauntlet_exit_green]

Skill      XL: |  1  2  3  4  5  6  7  8  9 10 11 |
---------------+----------------------------------+-----
Dodging        | 1 2 3 |  3.8
Armour         | 2 3 4 5 6 8 9 |  9.2
Fighting       | 4 5 6 7 9 10 | 10.3
Long Blades    | 4 5 6 7 8 9 |  9.5
Invocations    | 2 4 5 7 |  7.3

Action                     |  1- 3 |  4- 6 |  7- 9 | 10-12 || total
---------------------------+-------+-------+-------+-------++-------
  Melee: Falchion          |    58 |   117 |   218 |       ||   393
         Dagger            |    58 |    73 |       |       ||   131
         Whip              |       |    30 |   216 |       ||   246
         Flail             |       |       |    53 |    60 ||   113
         Short sword       |       |       |    52 |    64 ||   116
         Long sword        |       |       |       |   412 ||   412
         Bite              |       |       |       |    32 ||    32
 Invoke: Renounce Religion |       |     1 |       |       ||     1
         Convert to Beogh  |       |     1 |       |       ||     1
         Smiting           |       |       |     2 |    17 ||    19
         Recall Apostles   |       |       |       |     3 ||     3
         Recruit Apostle   |       |       |       |     1 ||     1
  Evoke: Wand              |       |       |     5 |     3 ||     8
    Use: Scroll            |       |     9 |     9 |     7 ||    25
         Potion            |       |       |     4 |     6 ||    10
   Stab: Sleeping          |     1 |     4 |       |     1 ||     6
         Confused          |       |     1 |     1 |       ||     2
         Petrifying        |       |     1 |     1 |       ||     2
         Petrified         |       |     1 |       |       ||     1
         Invisible         |       |       |     4 |     2 ||     6
         Distracted        |       |       |     1 |       ||     1
 Armour: Leather armour    |    42 |    54 |   179 |       ||   275
         Scale mail        |       |       |    23 |   289 ||   312
  Dodge: Dodged            |    33 |    65 |   162 |   195 ||   455

Table legend: (Time is in decaauts)
 A = Elapsed time spent in this place.
 B = Non-inter-level travel time spent in this place.
 C = Inter-level travel time spent in this place.
 D = Time resting spent in this place.
 E = Time spent auto-exploring this place.
 F = Levels seen in this place.
 G = Mean time per level.
                   A        B        C        D        E       F      G
               +--------+--------+--------+--------+--------+-----+--------+
         Total |  11349 |  11004 |    345 |   1878 |   6224 |  13 |  873.0 |
       Dungeon |  10052 |   9707 |    345 |   1491 |   5824 |  10 | 1005.2 |
          Lair |     72 |     72 |      0 |      0 |      0 |   1 |   72.0 |
         Sewer |    801 |    801 |      0 |    352 |    162 |   1 |  801.0 |
      Gauntlet |    422 |    422 |      0 |     35 |    238 |   1 |  422.0 |
               +--------+--------+--------+--------+--------+-----+--------+

Top non-repeatable levels by time:
     D:6: 1593 daAuts
     D:8: 1465 daAuts
     D:7: 1187 daAuts
    D:10: 960 daAuts
     D:9: 955 daAuts
     D:5: 894 daAuts
     D:2: 844 daAuts
   Sewer: 801 daAuts
     D:3: 784 daAuts
     D:4: 752 daAuts
     D:1: 613 daAuts
Gauntlet: 422 daAuts
  Lair:1: 72 daAuts
